 Dungeon Crawl Stone Soup version 0.32-a0-711-g016ad74 (webtiles) character file.

Game seed: 912065652344519378

523 PidgeyThePirate the Shooter (level 7, -1/52 HPs)
             Began as a Coglin Hunter on Mar 15, 2024.
             Slain by an orc wizard
             ... wielding a +2 dagger of distortion
              (4 damage)
             ... on level 5 of the Dungeon.
             The game lasted 00:06:00 (3219 turns).

PidgeyThePirate the Shooter (Coglin Hunter)         Turns: 3219, Time: 00:06:01

Health: -1/52      AC:  5    Str: 12    XL:     7   Next: 22%
Magic:  7/7        EV: 11    Int:  8    God:
Gold:   154        SH:  0    Dex: 19    Spells: 6/6 levels left

rFire   . . .        a - +2 sling {Thabo}
rCold   . . .        d - +0 sling {Sarina}
rNeg    . . .        c - +0 leather armour
rPois   .            s - +0 helmet
rElec   .            (no cloak)
rCorr   .            j - +0 pair of gloves
SInv    .            (no boots)
Will    .....        (amulet unavailable)
Stlth   ++           (ring unavailable)
HPRegen 0.28/turn    (ring unavailable)
MPRegen 0.10/turn    (no gizmo)

%: no passive effects
@: revving
A: off-hand wielding, slow wielding, warmup strikes, no jewellery
a: Invent Gizmo


You were on level 5 of the Dungeon.
You visited 2 branches of the dungeon, and saw 6 of its levels.

You collected 154 gold pieces.

Inventory:

Hand Weapons
 a - a +2 sling (weapon) {Thabo}
 d - a +0 sling (offhand) {Sarina}
Missiles
 u - a throwing net
Armour
 c - a +0 leather armour (worn)
 j - a +0 pair of gloves (worn)
 s - a +0 helmet (worn)
Scrolls
 b - a scroll of butterflies
 f - 7 scrolls of identify {unknown}
 i - 2 scrolls of immolation {unknown}
 k - a scroll of summoning {unknown}
 m - 3 scrolls of teleportation {unknown}
 q - 2 scrolls of torment {unknown}
 v - a scroll of enchant armour {unknown}
 x - a scroll of amnesia {unknown}
Potions
 e - a potion of magic
 g - a potion of berserk rage {unknown}
 h - a potion of heal wounds {unknown}
 l - a potion of might {unknown}
 n - a potion of brilliance {unknown}
 o - a potion of mutation {unknown}
 p - a potion of ambrosia {unknown}
 r - a potion of cancellation {unknown}
 t - 2 potions of invisibility {unknown}
 w - a potion of degeneration {unknown}


   Skills:
 + Level 3.5 Fighting
 * Level 7.1 Ranged Weapons
 + Level 0.4 Armour
 + Level 1.7 Dodging
 + Level 0.9 Stealth


You had 6 spell levels left.
You didn't know any spells.
Your spell library contained the following spells:

 Spells                   Type           Power      Damage    Failure   Level
 Fugue of the Fallen      Necr           0%         N/A       86%         3
 Ozocubu's Armour         Ice            0%         N/A       86%         3
 Manifold Assault         Tloc           0%         N/A       99%         4


Dungeon Overview and Level Annotations

Branches:
Dungeon (5/15)             Temple (1/1) D:4

Altars:
Ashenzari
Cheibriados
Dithmenos
Fedhas
Gozag
Hepliaklqana
Kikubaaqudgha
Nemelex Xobeh
Okawaru
Qazlal
Ru
Sif Muna
Vehumet
Xom
Yredelemnul
Zin
The Shining One


Innate Abilities, Weirdness & Mutations

You can wield a second weapon in your off-hand.
It takes a long time for you to wield or remove held weapons.
Your first few attacks do less damage.
You cannot equip rings or amulets.


Message History

Aim: an orc, wielding a +0 morningstar (heavily wounded, 65% to hit)
You shoot a sling bullet.
The sling bullet closely misses the orc.
You shoot a sling bullet. The sling bullet hits the orc!
You kill the orc!
Fire: a) +2 sling {Thabo}
Press: ? - help, Q - select action, (/) - cycle Shift-Dir - straight line, f - you Really target yourself? [Y]es or [N]o only, please.
Really target yourself?
Okay, then.
Fire: a) +2 sling {Thabo}
Press: ? - help, Q - select action, (/) - cycle Shift-Dir - straight line You shoot a sling bullet. x2
Something hits you.
* * * LOW HITPOINT WARNING * * *
Space warps around you.
* * * LOW HITPOINT WARNING * * *
Fire: a) +2 sling {Thabo}
Press: ? - help, Q - select action, (/) - cycle Shift-Dir - straight line You shoot a sling bullet. x2
Something hits you but does no damage.
Fire: a) +2 sling {Thabo}
Press: ? - help, Q - select action, (/) - cycle Shift-Dir - straight line You shoot a sling bullet. x2
You hear some strange, mumbled words.
Something tries to affect you, but you resist.
Fire: a) +2 sling {Thabo}
Press: ? - help, Q - select action, (/) - cycle Shift-Dir - straight line You shoot a sling bullet. x2
You hear some strange, mumbled words.
Something tries to affect you, but you resist.
Something hits you.
* * * LOW HITPOINT WARNING * * *
Space warps around you.
* * * LOW HITPOINT WARNING * * *
Unknown command.
It was a potion of magic.
Magic courses through your body. Something hits you but does no damage.
Space warps around you.
You die...

#######.### .#..
## #.### ##.#.#
.. #.... #..#.#
#. ##### #.##.#
. . #.##.#.# ...
# ##
#.##.#.#....
####
#...###.##)†...#
#...
#.......@).).#
#.##
#...###.######
#.## # #.#####
#.# #.....####
#.# #####....#
#.#
####.#######.#
#.........#
###########


There were no monsters in sight!

Vanquished Creatures
  A scorpion (D:4)
  A hound (D:4)
  3 orc priests
  An orc wizard (D:3)
  A sleepcap (D:4)
  Natasha (thrice) (D:3)
  2 iguanas
  4 gnolls (D:4)
  7 adders
  3 ribbon worms
  A dart slug (D:3)
  4 orcs
  6 endoplasms
  2 giant cockroaches
  5 goblins
  7 hobgoblins
  6 jackals (D:2)
  4 ball pythons
  8 bats
  A frilled lizard (D:2)
  5 kobolds
  A rat (D:3)
76 creatures vanquished.

Notes
Turn   | Place    | Note
-------+----------+-------------------------------------------
     0 | D:1      | PidgeyThePirate the Coglin Hunter began the quest for the
                  | Orb.
     0 | D:1      | Reached XP level 1. HP: 16/16 MP: 1/1
    91 | D:1      | Reached skill level 4 in Ranged Weapons
    91 | D:1      | Reached XP level 2. HP: 22/22 MP: 2/2
  1035 | D:2      | Reached XP level 3. HP: 22/27 MP: 3/3
  1180 | D:2      | Reached XP level 4. HP: 33/33 MP: 4/4
  1295 | D:2      | You fall into a shaft and drop 1 floor!
  1368 | D:2      | Reached skill level 5 in Ranged Weapons
  1680 | D:3      | Noticed Natasha
  1688 | D:3      | Killed Natasha
  1784 | D:3      | Found a basalt altar of Yredelemnul.
  1839 | D:3      | Reached XP level 5. HP: 41/41 MP: 5/5
  1999 | D:3      | Noticed Natasha
  2005 | D:3      | Killed Natasha
  2027 | D:3      | Found an ancient bone altar of Kikubaaqudgha.
  2030 | D:3      | Noticed Natasha
  2033 | D:3      | Killed Natasha
  2198 | D:3      | Reached XP level 6. HP: 17/47 MP: 6/6
  2418 | D:3      | Found an opulent altar of Gozag.
  2503 | D:3      | Found a shimmering blue altar of Sif Muna.
  2548 | D:4      | Reached skill level 6 in Ranged Weapons
  2900 | D:4      | Reached XP level 7. HP: 52/52 MP: 7/7
  2900 | D:4      | Found a shimmering altar of Xom.
  2969 | D:4      | Found a staircase to the Ecumenical Temple.
  3030 | Temple   | Entered the Ecumenical Temple
  3132 | D:5      | Entered Level 5 of the Dungeon
  3205 | D:5      | Reached skill level 7 in Ranged Weapons
  3219 | D:5      | Slain by an orc wizard

Illustrated notes

Levels and vault maps discovered:
D:1:      lightli_arrival_boilingwater, layout_basic, minmay_pentomino_p2
D:2:      layout_rooms, corner_web_ring
D:3:      layout_loops_cross, mainiacjoe_overflow_brackets, led_sif_pool,
          mainiacjoe_overflow_small_starburst, mainiacjoe_overflow_boulevard,
          uniq_natasha
D:4:      layout_rooms, old_standard_altar, minmay_temple_entry_sparse_star
D:5:      layout_loops_cross
Temple:   hellmonk_temple_forest_ring

Skill      XL: |  1  2  3  4  5  6  7 |
---------------+----------------------+-----
Ranged Weapons | 4 5 6 7 |  7.1
Fighting       | 3 |  3.5
Armour         | |  0.4
Dodging        | |  1.7
Stealth        | |  0.9

Action                     |  1- 3 |  4- 6 |  7- 9 || total
---------------------------+-------+-------+-------++-------
   Fire: Sling             |   144 |   250 |    44 ||   438
    Use: Potion            |       |       |     1 ||     1
 Armour: Leather armour    |    18 |    36 |    16 ||    70
  Dodge: Dodged            |    16 |    30 |     6 ||    52

Table legend: (Time is in decaauts)
 A = Elapsed time spent in this place.
 B = Non-inter-level travel time spent in this place.
 C = Inter-level travel time spent in this place.
 D = Time resting spent in this place.
 E = Time spent auto-exploring this place.
 F = Levels seen in this place.
 G = Mean time per level.
                   A        B        C        D        E       F      G
               +--------+--------+--------+--------+--------+-----+--------+
         Total |   3260 |   2979 |    281 |      0 |   2492 |   6 |  543.3 |
       Dungeon |   3225 |   2976 |    249 |      0 |   2492 |   5 |  645.0 |
        Temple |     34 |      2 |     32 |      0 |      0 |   1 |   34.0 |
               +--------+--------+--------+--------+--------+-----+--------+

Top non-repeatable levels by time:
     D:1: 999 daAuts
     D:3: 971 daAuts
     D:2: 603 daAuts
     D:4: 562 daAuts
     D:5: 88 daAuts
  Temple: 34 daAuts
